 Dungeon Crawl Stone Soup version 0.31-a0-177-g4aa6249778 (webtiles) character file.

Game seed: 626047358611079482

3520 Jeffwins the Tainter (level 10, -5/63 HPs)
             Began as an Octopode Wanderer on June 19, 2023.
             Was an Initiate of Gozag.
             Slain by an acid dragon (6 damage)
             ... on level 8 of the Dungeon.
             The game lasted 00:17:18 (9444 turns).

Jeffwins the Tainter (Octopode Wanderer)            Turns: 9444, Time: 00:17:18

Health: -5/63      AC: -3    Str: 16    XL:     10   Next: 8%
Magic:  1/16       EV: 12    Int: 22    God:    Gozag
Gold:   505        SH:  9    Dex:  9    Spells: 2/17 levels left

rFire   . . .        b - +6 trident of Duty {flame, Fly rC++ Str+5}
rCold   + + .        c - +0 buckler
rNeg    . . .        (helmet restricted)
rPois   .            d - amulet of reflection
rElec   .            (no ring)
rCorr   .            (no ring)
SInv    .            (no ring)
Will    .....        (no ring)
Stlth   +++          (no ring)
HPRegen 0.30/turn    (no ring)
MPRegen 0.15/turn    (no ring)
                     (no ring)

%: reflection
@: corroded, flying, very slightly contaminated
A: almost no armour, amphibious, 8 rings, camouflage 1, gelatinous body 1,
(nimble swimmer 1), tentacles
a: Renounce Religion, Potion Petition, Call Merchant, Bribe Branch


You were on level 8 of the Dungeon.
You worshipped Gozag.
Gozag was pleased with you.
You visited 2 branches of the dungeon, and saw 9 of its levels.

You collected 1056 gold pieces.
You spent 501 gold pieces at shops.
You paid 50 gold pieces to Gozag.


Innate Abilities, Weirdness & Mutations

You cannot wear most types of armour.
You are amphibious.
You can wear up to eight rings at the same time.
Your skin changes colour to match your surroundings (Stealth+).
Your rubbery body absorbs attacks. (AC +1, EV +1)
((You are camouflaged when in or above water. (Stealth+)))
You have tentacles for arms and can constrict up to eight enemies at once.


   Skills:
 + Level 3.1 Fighting
 + Level 3.3 Throwing
 + Level 2.8 Dodging
 + Level 4.8 Stealth
 + Level 3.8 Shields
 * Level 4.0 Spellcasting
 * Level 2.5 Conjurations
 * Level 5.0 Transmutations
 * Level 4.8 Fire Magic
 * Level 2.6 Ice Magic
 * Level 4.6 Air Magic
 * Level 8.5 Poison Magic
 + Level 2.3 Evocations


You had 2 spell levels left.
You knew the following spells:

 Your Spells              Type           Power      Damage    Failure   Level
c - Airstrike             Air            12%        2d(2-18)  21%         4
f - Freezing Cloud        Conj/Ice/Air   9%         6-21      71%         5
p - Sting                 Tmut/Pois      100%       1d8       1%          1
x - Ignite Poison         Fire/Tmut/Pois 31%        N/A       3%          3
z - Poisonous Vapours     Pois/Air       66%        N/A       1%          2

Your spell library contained the following spells:

 Spells                   Type           Power      Damage    Failure   Level
 Beastly Appendage        Tmut           52%        N/A       1%          1
 Wereblood                Tmut           26%        N/A       2%          2
 Cigotuvi's Dreadful Rot  Necr/Pois/Air  46%        N/A       3%          2
 Static Discharge         Conj/Air       40%        2-4/arc   4%          2
 Spider Form              Tmut/Pois      34%        N/A       2%          3
 Summon Lightning Spire   Summ/Air       14%        N/A       47%         4
 Maxwell's Capacitive Co  Air            12%        ∞         100%        8

Inventory:

Hand Weapons
 a - a +2 trident of venom
 b - the +6 trident of Duty (weapon) {flame, Fly rC++ Str+5}
   (You found it on level 6 of the Dungeon)

   Str:       It affects your strength (+5).
   rC:        It greatly protects you from cold.
   Fly:       It grants you flight.
 n - a +2 flail of holy wrath
 v - the +1 dagger of Springtime {elec, rN+}
   (You found it on level 2 of the Dungeon)

   rN:        It protects you from negative energy.
Missiles
 j - 14 poisoned darts (quivered)
Armour
 c - a +0 buckler (worn)
Magical Staves
 w - a staff of poison
Jewellery
 d - an amulet of reflection (around mantle)
 C - a ring of ice
 F - a ring of fire
Wands
 y - a wand of flame (2)
Scrolls
 f - 2 scrolls of summoning
 g - 3 scrolls of fog {unknown}
 h - a scroll of enchant armour
 i - a scroll of brand weapon
 l - 4 scrolls of poison {!r}
 m - 3 scrolls of teleportation {unknown}
 p - 3 scrolls of vulnerability {unknown}
 q - a scroll of amnesia
 z - a scroll of revelation
 E - 2 scrolls of fear
Potions
 e - 4 potions of curing {@q1}
 k - a potion of lignification {unknown}
 o - 3 potions of attraction {unknown}
 r - 2 potions of heal wounds {@q2}
 t - 3 potions of haste {unknown}
 D - a potion of enlightenment {unknown}

Dungeon Overview and Level Annotations

Branches:
Dungeon (8/15)             Temple (1/1) D:4
   Lair: D:8-11

Altars:
Ashenzari
Cheibriados
Dithmenos
Fedhas
Gozag
Hepliaklqana
Kikubaaqudgha
Nemelex Xobeh
Okawaru
Qazlal
Ru
Sif Muna
Uskayaw
Vehumet
Wu Jian
Xom
Yredelemnul
Zin

Shops:
D:4 !:((!   D:5 *   D:6 *

Annotations:
D:2 Grinder
Temple 2 transporters

.##.#.........
###.#.....#.##
#.#.##..#.# #
#.#.##..#.#### .#
#............# ..#
########..# #.####.####
#.........####.#.......#
..#######[#.....$...##.#
### #.......@D###
#...........#
#...)..........#
##........#.##.#
####.#....... .
#.#..##.##. #.#....... #
#.###..... #.# ...


You could see an acid dragon (catching breath).


Message History

Confirm with . or Enter, or press ? or * to list all spells.
The spell is quite dangerous to miscast (22% risk of failure)!
Continue anyway?
Aiming: Airstrike (quite dangerous; 22% risk of failure)
Press: ? - help, Dir - move target, f/p - acid dragon
Aim: an acid dragon (moderately wounded, catching its breath, empty space bonus: 5/8)
The air twists around and strikes the acid dragon.
The acid dragon is heavily wounded.
Unknown command.
Your +2 trident of venom stops dripping with poison.
You feel stronger.
You fly up into the air.
The +6 trident of Duty {flame, Fly rC++ Str+5} bursts into flame!
b - the +6 trident of Duty (weapon)
{flame, Fly rC++ Str+5} You reach to attack!
You completely miss the acid dragon.
The acid dragon is heavily wounded.
You hit the acid dragon but do no damage.
The acid dragon is heavily wounded.
The acid dragon bites you! You block the acid dragon's attack.
The acid dragon spits acid at you. The splash of acid hits you!!
* * * LOW HITPOINT WARNING * * *
The acid corrodes you!
A bullfrog comes into view.
The bullfrog croaks.
You hear a bellow!
Okay, then.
You hit the acid dragon but do no damage.
The acid dragon is heavily wounded.
The acid dragon bites you.
You die...
Your body crumbles into a pile of gold.

Skill      XL: |  1  2  3  4  5  6  7  8  9 10 |
---------------+-------------------------------+-----
Stealth        | 1 2 3 4 |  4.8
Transmutations | 1 2 3 4 5 |  5.0
Fire Magic     | 1 2 3 4 |  4.8
Air Magic      | 1 2 3 4 |  4.6
Fighting       | 1 2 3 |  3.1
Poison Magic   | 7 8 |  8.5
Dodging        | 1 2 |  2.8
Throwing       | 2 3 |  3.3
Shields        | 3 |  3.8
Spellcasting   | 3 4 |  4.0
Evocations     | 1 2 |  2.3
Ice Magic      | 2 |  2.6
Conjurations   | 2 |  2.5

Action                     |  1- 3 |  4- 6 |  7- 9 | 10-12 || total
---------------------------+-------+-------+-------+-------++-------
  Melee: Hand axe          |    49 |       |       |       ||    49
         Tentacles         |    15 |    11 |    37 |     1 ||    64
         Club              |     3 |       |       |       ||     3
         Constrict         |    14 |    13 |    22 |       ||    49
         Punch             |     2 |       |       |       ||     2
         Dagger            |    12 |    57 |    29 |       ||    98
         Trident           |       |       |   124 |     8 ||   132
  Throw: Dart              |       |     2 |       |       ||     2
   Cast: Poisonous Vapours |     1 |    12 |    46 |     2 ||    61
         Ignite Poison     |     1 |     5 |    22 |     1 ||    29
         Airstrike         |       |       |       |     3 ||     3
  Evoke: Wand              |       |       |    23 |     2 ||    25
    Use: Potion            |     1 |       |       |     1 ||     2
         Scroll            |       |     4 |     3 |       ||     7
   Stab: Sleeping          |    11 |     7 |    10 |       ||    28
         Distracted        |     1 |       |       |       ||     1
         Paralysed         |       |       |     3 |       ||     3
 Armour: Skin              |     5 |     2 |     7 |     1 ||    15
  Dodge: Dodged            |    29 |    22 |    74 |     2 ||   127
  Block: Buckler           |    11 |    17 |    61 |     4 ||    93
         Reflection        |       |     3 |       |       ||     3

Levels and vault maps discovered:
D:1:      wander_arrival_peaceful_grave, layout_loops_ring,
          shapermc_ecumenical_altar_pompeii
D:2:      layout_basic, basic_altar
D:3:      layout_basic, saegor_snake_ambush, uniq_terence, uniq_grinder
D:4:      layout_rooms, kennysheep_little_box, overflow_temple_1_default,
          nicolae_qazlal_scattered_showers, minmay_temple_entry_sparse_star,
          serial_shops, nicolae_shop_trees, kennysheep_mini, shop,
          nicolae_shop_tiny_waterfront, nicolae_book_shop_shelving
D:5:      layout_gridville, minmay_shop_damaged, kennysheep_dice
D:6:      layout_loops_ring, serial_shops, nicolae_shop_tiny_statue_garden,
          grunt_ministairs_13
D:7:      layout_basic, xom_redecorated, kennysheep_generic_room_11,
          uniq_menkaure, uniq_crazy_yiuf_cottage
D:8:      layout_loops_cross, nzn_hepliaklqana_mist_gate
Temple:   hellmonk_temple_divided_pantheon

Notes
Turn   | Place    | Note
-------+----------+-------------------------------------------
     0 | D:1      | Jeffwins the Octopode Wanderer began the quest for the Orb.
     0 | D:1      | Jeffwins set off with the following items: a +0 club, a
                  | scroll of fear, a +0 buckler; and the following spell
                  | memorised: Sting; and the following spells available to
                  | memorise: Poisonous Vapours, Cigotuvi's Dreadful Rot,
                  | Ignite Poison.
     0 | D:1      | Reached XP level 1. HP: 11/11 MP: 3/3
   323 | D:1      | Reached XP level 2. HP: 13/17 MP: 5/5
   483 | D:1      | Learned a level 2 spell: Poisonous Vapours
   563 | D:1      | Found a faded altar of an unknown god.
   793 | D:2      | Found an ancient bone altar of Kikubaaqudgha.
   805 | D:2      | Reached skill level 1 in Stealth
   996 | D:2      | Reached XP level 3. HP: 16/21 MP: 6/6
  1000 | D:2      | Learned a level 3 spell: Ignite Poison
  1073 | D:2      | Reached skill level 1 in Transmutations
  1090 | D:2      | Reached skill level 1 in Fire Magic
  1275 | D:2      | Identified the +1 dagger of Springtime {elec, rN+}
  1547 | D:3      | Noticed Grinder
  1554 | D:3      | Paralysed by Grinder for 3 turns
  1664 | D:3      | Reached skill level 1 in Air Magic
  1664 | D:3      | Reached XP level 4. HP: 27/27 MP: 1/7
  2012 | D:3      | Identified the +2 robe of the Furies {Will+ Str+2}
  2168 | D:3      | Noticed a black bear
  2171 | D:3      | Killed a black bear
  2172 | D:3      | Reached skill level 1 in Fighting
  2172 | D:3      | Reached skill level 2 in Stealth
  2172 | D:3      | Reached skill level 2 in Transmutations
  2172 | D:3      | Reached XP level 5. HP: 33/33 MP: 0/8
  2178 | D:3      | Noticed Terence
  2829 | D:3      | Killed Terence
  2830 | D:3      | Reached skill level 2 in Fire Magic
  2921 | D:4      | Found a staircase to the Ecumenical Temple.
  2933 | Temple   | Entered the Ecumenical Temple
  2933 | Temple   | Found a transporter.
  2933 | Temple   | Found a transporter.
  2935 | Temple   | Found a transporter.
  2935 | Temple   | Found a transporter.
  2955 | Temple   | Became a worshipper of Gozag Ym Sagoz the Greedy
  2995 | D:4      | Found Poasiusk's Book Emporium.
  3036 | D:4      | Found Effirimp's Weapon Boutique.
  3041 | D:4      | Found a stormy altar of Qazlal.
  3049 | D:4      | Reached XP level 6. HP: 38/38 MP: 9/9
  3151 | D:4      | Found Ockieh's Antique Weapon Shoppe.
  3153 | D:4      | Bought 4 poisoned darts for 33 gold pieces
  3208 | D:4      | Found Cuic's Distillery.
  3212 | D:4      | Bought a potion of heal wounds for 70 gold pieces
  3212 | D:4      | Bought a potion of might for 56 gold pieces
  3253 | D:4      | Found a glowing silver altar of Zin.
  3262 | D:4      | Reached skill level 2 in Air Magic
  3433 | D:4      | Found Ixkufae's Distillery.
  3436 | D:4      | Bought a potion of curing for 30 gold pieces
  3442 | D:4      | Found a sparkling altar of Nemelex Xobeh.
  3533 | D:5      | Entered Level 5 of the Dungeon
  3588 | D:5      | Reached XP level 7. HP: 38/43 MP: 2/10
  3742 | D:5      | Reached skill level 7 in Poison Magic
  3909 | D:5      | Reached skill level 1 in Dodging
  3909 | D:5      | Reached skill level 3 in Transmutations
  4059 | D:5      | Found Vypo's Lightly-Used Armoury.
  4122 | D:5      | Reached skill level 2 in Throwing
  4122 | D:5      | Reached skill level 3 in Stealth
  4859 | D:5      | Reached skill level 3 in Fire Magic
  4980 | D:5      | Reached skill level 2 in Fighting
  5268 | D:6      | Reached skill level 3 in Shields
  5268 | D:6      | Reached skill level 3 in Air Magic
  5268 | D:6      | Reached XP level 8. HP: 44/50 MP: 12/12
  5328 | D:6      | Found Utiulici's Assorted Antiques.
  5336 | D:6      | Bought a scroll labelled FIESIRPHAUTE for 24 gold pieces
  5336 | D:6      | Bought a scroll of poison for 96 gold pieces
  5353 | D:6      | Bought a runed ivory wand for 96 gold pieces
  5353 | D:6      | Bought a copper wand for 96 gold pieces
  5769 | D:6      | Noticed a troll
  5774 | D:6      | Killed a troll
  5775 | D:6      | Reached skill level 3 in Spellcasting
  5775 | D:6      | Reached skill level 1 in Evocations
  5916 | D:6      | Reached skill level 2 in Dodging
  5916 | D:6      | Reached skill level 4 in Transmutations
  6002 | D:6      | Got Sif Muna's Spellbook of the Lungs and the Cure
  6009 | D:6      | Learned a level 5 spell: Freezing Cloud
  6178 | D:6      | Reached skill level 4 in Fire Magic
  6178 | D:6      | Reached XP level 9. HP: 51/55 MP: 3/13
  6409 | D:6      | Identified the +6 trident of Duty {flame, Fly rC++ Str+5}
  6590 | D:6      | Reached skill level 4 in Stealth
  6590 | D:6      | Reached skill level 1 in Ice Magic
  6843 | D:7      | Reached skill level 1 in Conjurations
  6925 | D:7      | Reached skill level 8 in Poison Magic
  7021 | D:7      | Reached skill level 4 in Air Magic
  7312 | D:7      | Noticed a hornet
  7315 | D:7      | Killed a hornet
  7316 | D:7      | Reached skill level 3 in Throwing
  7464 | D:7      | Found a shimmering altar of Xom.
  7474 | D:7      | Found a shimmering altar of Xom.
  7474 | D:7      | Found a shimmering altar of Xom.
  7906 | D:7      | HP: 2/55 [something (5)]
  8207 | D:7      | Reached skill level 2 in Ice Magic
  8453 | D:7      | Found a runed translucent door.
  8454 | D:7      | Noticed Crazy Yiuf
  8579 | D:7      | Noticed Menkaure
  8584 | D:7      | Killed Menkaure
  8585 | D:7      | Reached skill level 3 in Fighting
  8585 | D:7      | Reached skill level 2 in Conjurations
  8585 | D:7      | Reached skill level 2 in Evocations
  8646 | D:7      | Killed Crazy Yiuf
  9019 | D:7      | Reached skill level 4 in Spellcasting
  9019 | D:7      | Reached XP level 10. HP: 22/63 MP: 14/16
  9297 | D:8      | Found a hazy altar of Hepliaklqana.
  9369 | D:8      | Reached skill level 5 in Transmutations
  9435 | D:8      | Learned a level 4 spell: Airstrike
  9443 | D:8      | HP: 1/63 [acid dragon/splash of acid (31)]
  9444 | D:8      | Slain by an acid dragon

Vanquished Creatures
  A troll (D:6)
  A hornet (D:7)
  2 vampire mosquitoes
  Menkaure (D:7)
  2 water moccasins
  2 ice beasts
  An orc warrior (D:7)
  2 sky beasts
  2 black bears
  2 ogres
  A centaur (D:8)
  A phantom (D:6)
  5 scorpions
  A bullfrog (D:6)
  5 wights (D:7)
  4 killer bees (D:8)
  5 hounds
  4 jellies (D:5)
  3 orc priests
  Crazy Yiuf (D:7)
  An iguana (D:5)
  Terence (D:3)
  2 orc wizards
  4 gnolls
  8 adders
  A shadow imp (D:5)
  2 white imps (D:6)
  An ufetubus (D:5)
  4 worms
  3 dart slugs
  20 orcs
  9 endoplasms
  4 giant cockroaches
  A goblin (D:2)
  2 hobgoblins
  2 jackals (D:4)
  7 kobolds
  A quokka (D:4)
  6 ball pythons
  A bat (D:3)
  2 frilled lizards
  5 rats
133 creatures vanquished.

Table legend: (Time is in decaauts)
 A = Elapsed time spent in this place.
 B = Non-inter-level travel time spent in this place.
 C = Inter-level travel time spent in this place.
 D = Time resting spent in this place.
 E = Time spent auto-exploring this place.
 F = Levels seen in this place.
 G = Mean time per level.
                   A        B        C        D        E       F      G
               +--------+--------+--------+--------+--------+-----+--------+
         Total |   9510 |   8977 |    533 |    529 |   7090 |   9 | 1056.7 |
       Dungeon |   9471 |   8952 |    519 |    529 |   7085 |   8 | 1183.9 |
        Temple |     38 |     24 |     14 |      0 |      5 |   1 |   38.0 |
               +--------+--------+--------+--------+--------+-----+--------+

Top non-repeatable levels by time:
     D:7: 2235 daAuts
     D:5: 1737 daAuts
     D:6: 1531 daAuts
     D:3: 1418 daAuts
     D:2: 836 daAuts
     D:1: 683 daAuts
     D:4: 578 daAuts
     D:8: 449 daAuts
  Temple: 38 daAuts

Table legend:
 A = Non-vault XP
 B = Vault XP
 C = Vault XP percentage of total XP
 D = Non-vault monster count
 E = Vault monster count
 F = Vault count percentage of total count
                 A         B        C        D         E       F
            +---------+---------+-------+---------+---------+-------
      Total |    4428 |     601 |  12.0 |     124 |       9 |   6.8
            +---------+---------+-------+---------+---------+-------
        D:1 |      20 |       0 |   0.0 |      10 |       0 |   0.0
        D:2 |      44 |       0 |   0.0 |      17 |       0 |   0.0
        D:3 |     206 |      38 |  15.6 |      16 |       2 |  11.1
        D:4 |     198 |       0 |   0.0 |      15 |       0 |   0.0
        D:5 |     632 |      58 |   8.4 |      25 |       2 |   7.4
        D:6 |    1196 |     167 |  12.3 |      20 |       2 |   9.1
        D:7 |    1299 |     338 |  20.6 |      13 |       3 |  18.8
        D:8 |     833 |       0 |   0.0 |       8 |       0 |   0.0
            +---------+---------+-------+---------+---------+-------
